 Dungeon Crawl Stone Soup version 0.30-a0-187-gd9c2deaf24 (webtiles) character file.

Game seed: 16871330028215085989

0 Flugkiller the Sneak (level 1, 0/18 HPs)
             Began as a Mummy Delver on Oct 3, 2022.
             Slain by an adder (3 damage)
             ... on level 4 of the Dungeon.
             The game lasted 00:00:47 (115 turns).

Flugkiller the Sneak (Mummy Delver)                  Turns: 115, Time: 00:00:47

Health: 0/18       AC:  3    Str: 15    XL:     1   Next: 0%
Magic:  1/1        EV: 11    Int:  9    God:
Gold:   23         SH:  0    Dex: 13    Spells: 0/0 levels left

rFire   x . .      SeeInvis .    a - +0 spear
rCold   + . .      Faith    +    (no shield)
rNeg    + + +      Spirit   .    b - +0 leather armour
rPois   ∞          Reflect  .    (no helmet)
rElec   .          Harm     .    (no cloak)
rCorr   .          Rampage  .    (no gloves)
Will    .....                    (no boots)
Stlth   ++........               (no amulet)
HPRegen 0.23/turn                (no ring)
MPRegen 0.07/turn                (no ring)

@: no status effects
A: cold resistance 1, negative energy resistance 3, torment resistance 2, heat
vulnerability 1, no potions, faith
a: no special abilities


You were on level 4 of the Dungeon.
You visited 1 branch of the dungeon, and saw 2 of its levels.

You collected 23 gold pieces.

Inventory:

Hand Weapons
 a - a +0 spear (weapon)
Armour
 b - a +0 leather armour (worn)
Wands
 d - a wand of charming (10)
   (You found it on level 5 of the Dungeon)
 f - a wand of digging (1)
Scrolls
 c - a scroll of fog


   Skills:
 - Level 3.0 Fighting
 - Level 1.5 Polearms
 + Level 1.5 Dodging
 - Level 4.1 Stealth


You couldn't memorise any spells.
You didn't know any spells.
Your spell library was empty.

Dungeon Overview and Level Annotations

Branches:
Dungeon (5/15) Zot: 11883
 Temple: D:4-7

Altars:


Innate Abilities, Weirdness & Mutations

You are immune to poison.
Your flesh is cold resistant. (rC+)
You are immune to negative energy. (rN+++)
You are immune to unholy pain and torment.
You are vulnerable to heat. (rF-)
You do not drink.
You have a special connection with the divine. (Faith)


Message History

Found 8 gold pieces.
A centaur comes into view.
The centaur shouts!
The centaur wields a +0 shortbow.
The centaur shoots an arrow.
The arrow completely misses you.
Something hits the bush but does no damage.
Something kicks the bush but does no damage.
Something hits the bush but does no damage.
Something kicks the bush but does no damage.
Something hits the bush but does no damage.
Something kicks the bush but does no damage.
An ice beast comes into view.
Something hits the bush.
Something kicks the bush but does no damage.
Something hits the bush but does no damage.
Something kicks the bush but does no damage.
As you read the scroll of magic mapping, it crumbles to dust.
You feel aware of your surroundings.
A scorpion comes into view.
Aiming: Dig
Press: ? - help, Shift-Dir - straight line A rock wall.
The rock shatters into small pieces.
Okay, then.
As you read the scroll of fear, it crumbles to dust.
You assume a fearsome visage.
The scorpion looks frightened!
The ice beast looks frightened!
An adder comes into view.
Found a glowing copper wand.
Aiming: Dig
Press: ? - help, Shift-Dir - straight line The rock shatters into small pieces.
You see here a wand of charming (10).
d - a wand of charming (10)
Found a dagger.
Found 12 gold pieces.
You see here a +0 dagger.
You now have 12 gold pieces.
Found a ring mail.
Found a stone staircase leading up.
There is a stone staircase leading up here.
You climb upwards.
You hear the hiss of flowing sand.
There is an entrance to an ossuary on this level.
Hurry and find it before the portal is buried!
Found 11 gold pieces.
There is a stone staircase leading down here.
You now have 23 gold pieces (gained 11).
You open the door.
Found a stone staircase leading down.
There is an open door here.
There is a stone staircase leading down here.
You open the door.
There is an open door here.
You open the door.
An adder comes into view.
There is an open door here.
You reach to attack!
The helpless adder fails to defend itself.
You hit the adder.
The adder is moderately wounded.
You barely miss the adder.
The adder is moderately wounded.
The adder closely misses you. x2
You closely miss the adder.
The adder is moderately wounded.
The adder bites you.
You hit the adder but do no damage.
The adder is moderately wounded.
The adder bites you. The adder bites you but does no damage.
You hit the adder.
The adder is severely wounded.
The adder bites you.
You are too injured to fight recklessly!
You are too injured to fight recklessly!
You barely miss the adder.
The adder is severely wounded.
The adder bites you.
You hit the adder but do no damage.
The adder is severely wounded.
The adder bites you. The adder misses you.
You miss the adder.
The adder is severely wounded.
The adder bites you.
You closely miss the adder.
The adder is severely wounded.
The adder bites you but does no damage.
You miss the adder. You punch the adder.
The adder is almost dead.
The adder bites you but does no damage.
You hit the adder but do no damage.
The adder is almost dead.
The adder bites you.
* * * LOW HITPOINT WARNING * * *
The adder bites you.
* * * LOW HITPOINT WARNING * * *
Unknown command.
You closely miss the adder.
The adder is almost dead.
The adder bites you.
You die...

##############
........'....#
.......@#....#
.......S#....#
........#....#
........#....#
#########....#
##...###....#
#.....'.....#
#.....#.....#
#.....#.....#


You could see an adder.

Vanquished Creatures (others)
  A bush (D:5)
1 creature vanquished.

Notes
Turn   | Place    | Note
-------+----------+-------------------------------------------
     0 | D:5      | Flugkiller the Mummy Delver began the quest for the Orb.
     0 | D:5      | Reached XP level 1. HP: 18/18 MP: 1/1
     5 | D:5      | Noticed a centaur
    10 | D:5      | Noticed an ice beast
    35 | D:5      | Noticed a scorpion
   115 | D:4      | Slain by an adder

Illustrated notes

Levels and vault maps discovered:
D:4:      layout_gridville, minmay_temple_entry_stoned_glass,
          gammafunk_ghost_split, enter_ossuary_5, uniq_edmund
D:5:      minmay_spotlight, layout_basic, kb_lookout_dungeons_type,
          corexii_leaking_fountain, uniq_pikel, uniq_duvessa

Action                   || total
-------------------------++-------
Melee: Spear             ||    12
       Punch             ||     1
Evoke: Wand              ||     2
  Use: Scroll            ||     2
 Stab: Sleeping          ||     1
Armor: Leather armour    ||     3
Dodge: Dodged            ||     4

Table legend: (Time is in decaauts)
 A = Elapsed time spent in this place.
 B = Non-inter-level travel time spent in this place.
 C = Inter-level travel time spent in this place.
 D = Time resting spent in this place.
 E = Time spent auto-exploring this place.
 F = Levels seen in this place.
 G = Mean time per level.
                   A        B        C        D        E       F      G
               +--------+--------+--------+--------+--------+-----+--------+
         Total |    115 |    115 |      0 |      0 |      0 |   2 |   57.5 |
       Dungeon |    115 |    115 |      0 |      0 |      0 |   2 |   57.5 |
               +--------+--------+--------+--------+--------+-----+--------+

Top non-repeatable levels by time:
     D:5: 75 daAuts
     D:4: 40 daAuts
